 Dungeon Crawl Stone Soup version 0.19.0-19-g8c6edcc (webtiles) character file.

93 UristPineapples the Conjurer (level 4, -6/30 HPs)
             Began as a Mummy Wizard on Nov 13, 2016.
             Killed by divine providence
             ... invoked by an orc priest
              (14 damage)
             ... on level 3 of the Dungeon.
             The game lasted 00:16:56 (3658 turns).

UristPineapples the Conjurer (Mummy Wizard)         Turns: 3658, Time: 00:16:58

Health: -6/30      AC:  2    Str: 10    XL:     4   Next: 36%
Magic:  1/8        EV: 12    Int: 18    God:
Gold:   89         SH:  0    Dex: 10    Spells: 4 memorised, 1 level left

rFire  x . .     SeeInvis .     j - +0 short sword
rCold  + . .     Gourm    .     a - +0 robe
rNeg   + + +     Faith    .     (no shield)
rPois  ∞         Spirit   .     b - +0 hat
rElec  .         Reflect  .     (no cloak)
rCorr  .         Harm     .     (no gloves)
MR     .....                    (no boots)
Stlth  ++........               (no amulet)
                                (no ring)
                                (no ring)

@: about to teleport, very slightly contaminated
A: no food or potions, fire vulnerability, cold resistance 1, negative energy
resistance 3, torment resistance, unbreathing
a: no special abilities


You were on level 3 of the Dungeon.
You were not hungry.

You visited 1 branch of the dungeon, and saw 4 of its levels.

You collected 89 gold pieces.

Inventory:

Hand Weapons
 j - a +0 short sword (weapon)
Armour
 a - a +0 robe (worn)
 b - a +0 hat (worn)
Scrolls
 e - 3 scrolls of identify
 f - a scroll of fear
 g - 2 scrolls of random uselessness {unknown}
 h - 4 scrolls of remove curse
 i - 2 scrolls of recharging {unknown}
 k - a scroll of fog {unknown}
Books
 c - a book of Minor Magic

   Spells                             Type                      Level
   a - Magic Dart                     Conjuration                  1
   b - Blink                          Translocation                2
   c - Call Imp                       Summoning                    2
   d - Repel Missiles                 Charms/Air                   2
   e - Slow                           Hexes                        2
   f - Conjure Flame                  Conjuration/Fire             3
   g - Mephitic Cloud                 Conjuration/Poison/Air       3
 l - a book of Conjurations

   Spells                             Type                      Level
   a - Magic Dart                     Conjuration                  1
   b - Searing Ray                    Conjuration                  2
   c - Dazzling Spray                 Conjuration/Hexes            3
   d - Fulminant Prism                Conjuration/Hexes            4
   e - Iskenderun's Mystic Blast      Conjuration                  4
   f - Iskenderun's Battlesphere      Conjuration/Charms           5


   Skills:
 - Level 1.5 Dodging
 - Level 1.5 Stealth
 + Level 3.2 Spellcasting
 * Level 3.3 Conjurations
 - Level 0.7 Summonings
 - Level 0.7 Translocations


You had one spell level left.
You knew the following spells:

 Your Spells              Type           Power        Failure   Level  Hunger
a - Magic Dart            Conj           ##..         4%          1    N/A
b - Blink                 Tloc           N/A          17%         2    N/A
c - Call Imp              Summ           #.......     17%         2    N/A
d - Mephitic Cloud        Conj/Pois/Air  #.......     34%         3    N/A

Dungeon Overview and Level Annotations

Branches:
Dungeon (4/15)
 Temple: D:4-7

Altars:
Ashenzari
Cheibriados
Dithmenos
Vehumet
Xom


Innate Abilities, Weirdness & Mutations

You do not eat or drink.
Your flesh is vulnerable to fire.
You are immune to poison.
Your flesh is cold resistant. (rC+)
You are immune to negative energy. (rN+++)
You are immune to unholy pain and torment.
You can survive without breathing.


Message History

You barely miss the orc.
The orc is almost dead.
The orc closely misses you.
You hit the orc but do no damage.
The orc is almost dead.
The orc hits you with a club.
The orc wizard casts a spell.
The orc wizard blinks!
You closely miss the orc.
The orc is almost dead.
The orc closely misses you. The orc wizard hits you with a dagger.
As you read the scroll of teleportation, it crumbles to dust.
You feel strangely unstable.
The orc wizard points at you and mumbles some strange words.
The magic dart hits you!
* * * LOW HITPOINT WARNING * * *
The orc hits you but does no damage.
The orc priest invokes the aid of Beogh against you.
Beogh smites you!
You die...

#.# .†...
#.# #.#
#... #.#
#.##
#.†###.#
#..#
#......#
##.o
#.######
#..## #
#...####...
#o#........
#@####.o...
#.o........
######.....
.# #


You could see an orc priest, an orc wizard and an orc.

Vanquished Creatures
  An adder (D:2)
  4 oozes
  A worm (D:2)
  2 dart slugs
  A leopard gecko (D:4)
  An orc (D:3)
  4 giant cockroaches
  2 goblins (D:1)
  8 hobgoblins
  7 jackals
  7 kobolds
  2 quokkas
  A ball python (D:1)
  6 bats
  A frilled lizard (D:2)
  8 rats
56 creatures vanquished.

Notes
Turn   | Place    | Note
-------+----------+-------------------------------------------
     0 | D:1      | UristPineapples the Mummy Wizard began the quest for the Orb.
     0 | D:1      | Reached XP level 1. HP: 13/13 MP: 4/4
    26 | D:1      | Reached skill level 1 in Conjurations
   226 | D:1      | Reached XP level 2. HP: 13/19 MP: 1/6
   277 | D:1      | Learned a level 2 spell: Blink
   280 | D:1      | Learned a level 2 spell: Call Imp
   924 | D:1      | Reached XP level 3. HP: 20/24 MP: 2/7
   929 | D:1      | Learned a level 3 spell: Mephitic Cloud
  1473 | D:2      | Found a snail-covered altar of Cheibriados.
  1486 | D:2      | Found a shattered altar of Ashenzari.
  1591 | D:2      | Found a faded altar of an unknown god.
  1591 | D:2      | Found a faded altar of an unknown god.
  1596 | D:2      | Found a faded altar of an unknown god.
  1598 | D:2      | Found a radiant altar of Vehumet.
  1600 | D:2      | Found a faded altar of an unknown god.
  2296 | D:2      | Reached XP level 4. HP: 30/30 MP: 5/8
  2436 | D:2      | You fall through a shaft for 2 floors!
  2528 | D:4      | Found a shimmering altar of Xom.
  3630 | D:3      | Found a shadowy altar of Dithmenos.
  3658 | D:3      | Killed from afar by an orc priest

Skill      XL: |  1  2  3 |
---------------+----------+-----
Conjurations   | 1 2 3 |  3.3
Dodging        | |  1.5
Stealth        | |  1.5
Spellcasting   | |  3.2
Summonings     | |  0.7
Translocations | |  0.7

Action                   |  1- 3 |  4- 6 || total
-------------------------+-------+-------++-------
Melee: Unarmed           |    25 |       ||    25
       Short sword       |    41 |    46 ||    87
       Club              |     2 |       ||     2
 Cast: Magic Dart        |    69 |    21 ||    90
       Mephitic Cloud    |     5 |     5 ||    10
       Blink             |       |     2 ||     2
  Use: Scroll            |       |     4 ||     4
 Stab: Sleeping          |     2 |     1 ||     3
Armor: Robe              |    11 |    19 ||    30
Dodge: Dodged            |    47 |    44 ||    91
